 Dungeon Crawl Stone Soup version 0.24-a0-182-gc7eaa07895 (webtiles) character file.

Game seed: 6311111494249866461

64 EnegeticOcto the Skirmisher (level 4, 0/41 HPs)
             Began as a Hill Orc Air Elementalist on Mar 15, 2019.
             Slain by an iguana (12 damage)
             ... on level 1 of the Dungeon.
             The game lasted 00:05:44 (2223 turns).

EnegeticOcto the Skirmisher (HOAE)                  Turns: 2223, Time: 00:05:44

Health: 0/41       AC:  5    Str: 11    XL:     4   Next: 12%
Magic:  3/6        EV: 10    Int: 15    God:
Gold:   73         SH:  0    Dex: 11    Spells: 5/6 levels left

rFire    . . .     SeeInvis .   c - +0 short sword
rCold    . . .     Gourm    .   (no shield)
rNeg     . . .     Faith    .   g - +0 ring mail
rPois    .         Spirit   .   (no helmet)
rElec    .         Reflect  .   (no cloak)
rCorr    .         Harm     .   (no gloves)
MR       .....                  (no boots)
Stlth    +.........             (no amulet)
HPRegen  0.13/turn              (no ring)
MPRegen  0.10/turn              (no ring)

@: very slightly contaminated
A: no striking features
a: no special abilities


You were on level 1 of the Dungeon.
You were not hungry.

You visited 1 branch of the dungeon, and saw 2 of its levels.

You collected 73 gold pieces.

Inventory:

Hand Weapons
 c - a +0 short sword (weapon)
Missiles
 i - 20 stones (quivered)
Armour
 g - a +0 ring mail (worn)
Scrolls
 d - a scroll of fog {unknown}
 f - a scroll of identify {@r1}
 h - a scroll of remove curse {unknown}
 k - a scroll of immolation {unknown}
 m - a scroll of enchant weapon {unknown}
Potions
 a - 2 potions of cancellation
 b - a potion of agility {@q5 !q}
 l - a potion of ambrosia {unknown}
 n - 2 potions of haste {unknown}
 o - a potion of might {unknown}
Comestibles
 e - 3 rations


   Skills:
 + Level 4.4 Fighting
 - Level 1.5 Dodging
 - Level 1.5 Stealth
 - Level 1.5 Spellcasting
 - Level 1.0 Conjurations
 - Level 2.4 Air Magic


You had 5 spell levels left.
You knew the following spells:

 Your Spells              Type           Power        Failure   Level  Hunger
a - Shock                 Conj/Air       #...         28%         1    ##.....

Your spell library contained the following spells:

 Spells                   Type           Power        Failure   Level  Hunger
 Swiftness                Chrm/Air       #.......     45%         2    ###....
 Static Discharge         Conj/Air       #.......     63%         3    ####...
 Airstrike                Air            #.........   91%         4    #####..
 Lightning Bolt           Conj/Air       #.........   100%        5    ######.


Dungeon Overview and Level Annotations

Branches:
Dungeon (2/15)

Altars:
Ashenzari
Fedhas

Annotations:
D:2 exclusion: scorpion


Message History

You miscast Shock.
Your hair stands on end.
The iguana bites you!
Casting: Shock (safe; 28% risk of failure)
Confirm with . or Enter, or press ? or * to list all spells.
Aiming: Shock (safe; 28% risk of failure)
Press: ? - help, Shift-Dir - straight line, f/p - adder
Aim: an adder You miscast Shock.
Nothing appears to happen.
The iguana hisses menacingly.
The iguana bites you! The iguana bites you!
* * * LOW HITPOINT WARNING * * *
You climb upwards.
There is a stone staircase leading down here.
Press: ? - help, v - describe, . - travel
Here: an iguana (lightly wounded)
The floor.
The iguana bites you!
You die...

#..##.#..####.# #...[....#
#.#.#.#.......# ####.....#
#.......#####.#### #.....#
#####.####.......# #.....#
##### #.# #.......# #.....#
.#..####.## #>......#
###.### #.#.......#
#.......# #.# ..###.##..#
#.......# #.# ....#.#...#
#..l@...# ##.## .#...##.#.#
#.......# ##.#.##
..)##.#.#.# #########
#.###.# #..#......# ##.#.##
#.##....############# ##.##
.#...##.....#.......# #.#
###########.#.#.#.#.######.#
#.#..###.........#
#.#.#.#.#.########


You could see an iguana.

Vanquished Creatures
  2 adders (D:2)
  4 worms
  2 dart slugs
  2 giant cockroaches (D:1)
  2 goblins (D:1)
  4 hobgoblins
  4 bats
  3 frilled lizards
  7 kobolds
  2 rats (D:1)
32 creatures vanquished.

Notes
Turn   | Place    | Note
-------+----------+-------------------------------------------
     0 | D:1      | EnegeticOcto the Hill Orc Air Elementalist began the quest
                  | for the Orb.
     0 | D:1      | Reached XP level 1. HP: 14/14 MP: 3/3
   390 | D:1      | Reached skill level 1 in Fighting
   772 | D:1      | Reached skill level 2 in Fighting
   772 | D:1      | Reached XP level 2. HP: 22/24 MP: 4/4
  1205 | D:2      | Noticed a scorpion
  1273 | D:2      | Reached skill level 3 in Fighting
  1318 | D:2      | Found a blossoming altar of Fedhas.
  1345 | D:1      | Reached XP level 3. HP: 18/31 MP: 0/5
  1711 | D:2      | Reached skill level 4 in Fighting
  1918 | D:2      | Found a shattered altar of Ashenzari.
  1940 | D:2      | Reached XP level 4. HP: 38/40 MP: 6/6
  2223 | D:1      | Slain by an iguana

Levels and vault maps discovered:
D:1:      nzn_arrival_crosshair, layout_loops_cross, minmay_pentomino_z4
D:2:      layout_rooms, ashenzari_conservatory_becter, serial_curves,
          eino_curves_02, eino_curves_04, fedhas_altar_2

Skill      XL: |  1  2  3 |
---------------+----------+-----
Fighting       | 2 3 4 |  4.4
Dodging        | |  1.5
Stealth        | |  1.5
Spellcasting   | |  1.5
Conjurations   | |  1.0
Air Magic      | |  2.4

Action                   |  1- 3 |  4- 6 || total
-------------------------+-------+-------++-------
Melee: Short sword       |   112 |    11 ||   123
       Unarmed           |     3 |       ||     3
 Cast: Shock             |    30 |    10 ||    40
  Use: Scroll            |     2 |       ||     2
  Eat: Chunk             |     4 |     2 ||     6
Armor: Ring mail         |    41 |     1 ||    42
Dodge: Dodged            |    87 |     5 ||    92

Table legend:
 A = Non-vault XP
 B = Vault XP
 C = Vault XP percentage of total XP
 D = Non-vault monster count
 E = Vault monster count
 F = Vault count percentage of total count
                 A         B        C        D         E       F
            +---------+---------+-------+---------+---------+-------
      Total |      86 |       6 |   6.5 |      28 |       4 |  12.5
            +---------+---------+-------+---------+---------+-------
        D:1 |      27 |       6 |  18.2 |      13 |       4 |  23.5
        D:2 |      59 |       0 |   0.0 |      15 |       0 |   0.0
            +---------+---------+-------+---------+---------+-------
